 Dungeon Crawl Stone Soup version 0.21.0-24-g2553a33 (webtiles) character file.

4571 tidbits the Magician (level 10, -2/118 HPs)
             Began as a Gnoll Skald on Jan 20, 2018.
             Was a Follower of Cheibriados.
             Slain by a red ugly thing (12 damage)
             ... on level 11 of the Dungeon.
             The game lasted 00:25:31 (2192 turns).

tidbits the Magician (Gnoll Skald)                  Turns: 2192, Time: 00:25:32

Health: -2/118     AC: 13    Str: 20    XL:     10   Next: 41%
Magic:  20/20      EV: 16    Int: 25    God:    Cheibriados [*.....]
Gold:   205        SH:  0    Dex: 17    Spells: 9/23 levels left

rFire    + . .     SeeInvis .   b - +4 whip (pain)
rCold    + . .     Gourm    .   (no shield)
rNeg     . . .     Faith    .   B - +2 troll leather armour
rPois    +         Spirit   .   (no helmet)
rElec    +         Reflect  .   C - +2 cloak
rCorr    +         Harm     .   (no gloves)
MR       .....                  (no boots)
Stlth    ..........             i - amulet of magic regeneration
HPRegen  0.69/turn              U - +1 ring of protection
MPRegen  0.42/turn              w - +4 ring of intelligence

@: berserking (expiring), resistant, very slow
A: distributed training, fangs 1, slimy green scales 1, poison resistance,
strong nose
a: Bend Time, Renounce Religion


You were on level 11 of the Dungeon.
You worshipped Cheibriados.
Cheibriados was aware of your devotion.
You were not hungry.

You visited 1 branch of the dungeon, and saw 11 of its levels.

You collected 257 gold pieces.
You spent 52 gold pieces at shops.

Inventory:

Hand Weapons
 a - a +0 war axe
 b - a +4 whip of pain (weapon)
   (You took it off a gnoll on level 8 of the Dungeon)
 e - a +1 short sword of holy wrath
   (You took it off a big kobold on level 11 of the Dungeon)
 j - a +0 dagger
 l - a +0 short sword
 o - a +0 scythe of freezing
   (You took it off Sigmund on level 2 of the Dungeon)
 s - a +0 trident
 v - a +0 hand axe
Missiles
 g - 12 tomahawks (quivered)
 n - 2 throwing nets {!f}
 p - 3 javelins
 A - 25 poisoned needles
 E - 30 arrows
Armour
 k - a +0 buckler
 B - a +2 troll leather armour (worn)
 C - a +2 cloak (worn)
 G - a +1 leather armour
Jewellery
 h - an uncursed ring of resist corrosion
   (You found it on level 6 of the Dungeon)
 i - an amulet of magic regeneration (around neck)
   (You took it off a hobgoblin on level 2 of the Dungeon)
 m - an uncursed amulet of rage
   (You found it on level 2 of the Dungeon)
 w - a +4 ring of intelligence (right hand)
   (You found it on level 7 of the Dungeon)
 H - an uncursed ring of fire
   (You found it on level 8 of the Dungeon)
 U - a +1 ring of protection (left hand)
   (You took it off a gnoll on level 8 of the Dungeon)
Wands
 u - a wand of acid (1)
 x - a wand of flame (44)
 P - a wand of enslavement (7)
Scrolls
 f - 2 scrolls of teleportation
 q - 3 scrolls of random uselessness
 r - 2 scrolls of remove curse
 F - a scroll of fear {unknown}
 I - a scroll of vulnerability {unknown}
 L - a scroll of magic mapping {unknown}
 M - a scroll of immolation {unknown}
Potions
 t - 4 potions of magic
 y - 2 potions of brilliance
 z - a potion of resistance
 J - a potion of heal wounds
 N - a potion of flight
 O - a potion of curing
Books
 c - a book of Battle

   Spells                             Type                      Level
   a - Infusion                       Charms                       1
   b - Shroud of Golubria             Charms/Translocation         2
   c - Song of Slaying                Charms                       2
   d - Spectral Weapon                Hexes/Charms                 3
   e - Regeneration                   Charms/Necromancy            3
 K - a book of Flames
   (You found it on level 10 of the Dungeon)

   Spells                             Type                      Level
   a - Flame Tongue                   Conjuration/Fire             1
   b - Throw Flame                    Conjuration/Fire             2
   c - Conjure Flame                  Conjuration/Fire             3
   d - Inner Flame                    Hexes/Fire                   3
   e - Sticky Flame                   Conjuration/Fire             4
   f - Fireball                       Conjuration/Fire             5
Comestibles
 d - 7 rations


   Skills:
 + Level 7.0 Fighting
 + Level 5.1 Short Blades
 + Level 5.1 Long Blades
 + Level 7.0 Axes
 + Level 5.1 Maces & Flails
 + Level 5.1 Polearms
 + Level 5.1 Staves
 + Level 5.1 Slings
 + Level 5.1 Bows
 + Level 5.1 Crossbows
 + Level 5.1 Throwing
 + Level 5.8 Armour
 + Level 7.0 Dodging
 + Level 5.1 Stealth
 + Level 5.1 Shields
 + Level 5.1 Unarmed Combat
 + Level 7.3 Spellcasting
 + Level 4.2 Conjurations
 + Level 4.2 Hexes
 + Level 7.0 Charms
 + Level 4.2 Summonings
 + Level 4.2 Necromancy
 + Level 4.2 Translocations
 + Level 4.2 Transmutations
 + Level 4.2 Fire Magic
 + Level 4.2 Ice Magic
 + Level 4.2 Air Magic
 + Level 4.2 Earth Magic
 + Level 4.2 Poison Magic
 + Level 5.6 Invocations
 + Level 5.1 Evocations


You had 9 spell levels left.
You knew the following spells:

 Your Spells              Type           Power        Failure   Level  Hunger
g - Shroud of Golubria    Chrm/Tloc      #####.....   1%          2    None
r - Regeneration          Chrm/Necr      #####.....   2%          3    None
t - Sticky Flame          Conj/Fire      ####....     13%         4    ###....
w - Spectral Weapon       Hex/Chrm       #####...     2%          3    None
y - Song of Slaying       Chrm           #####...     1%          2    None


Dungeon Overview and Level Annotations

Branches:
Dungeon (11/15)
 Temple: D:4-7         Lair: D:8-11         Orc: D:9-12

Altars:
Cheibriados
Elyvilon
Fedhas
Gozag
Hepliaklqana
Okawaru
Sif Muna

Shops:
D:5 !   D:6 [   D:11 *

Annotations:
D:10 exclusion: downstairs
D:11 pstr's ghost, journeyman NaEE


Innate Abilities, Weirdness & Mutations

Your experience applies equally to all skills.
You have very sharp teeth.
Your uncanny sense of smell can sniff out nearby items.
You are partially covered in slimy green scales. (AC +2)
Your system is resistant to poisons. (rPois)


Message History

The brown ugly thing writhes in agony.
The brown ugly thing is lightly wounded.
Your spectral weapon hits the brown ugly thing!
The brown ugly thing tentacle-slaps you but does no damage.
You hit the brown ugly thing.
You bite the brown ugly thing, but do no damage.
The brown ugly thing is moderately wounded.
Your spectral weapon hits the brown ugly thing.
The brown ugly thing writhes in agony.
The brown ugly thing closely misses you.
A red ugly thing comes into view.
It was a potion of berserk rage.
A red film seems to cover your vision as you go berserk!
Cheibriados protects you from inadvertent hurry.
You feel mighty!
The brown ugly thing tentacle-slaps you.
You are splashed with acid!
The acid burns!
You resist.
An iguana comes into view.
You barely miss the brown ugly thing.
The brown ugly thing is heavily wounded.
Your spectral weapon hits the brown ugly thing.
Pstr's ghost casts a spell past you.
The wall shatters!
The blast of rock fragments hits you!
The brown ugly thing closely misses you.
Unknown command.
You closely miss the brown ugly thing.
The brown ugly thing is heavily wounded.
Your spectral weapon barely misses the brown ugly thing.
The iguana bites your spectral weapon.
Your spectral weapon shares its damage with you!
Unknown command.
You closely miss the brown ugly thing.
The brown ugly thing is heavily wounded.
Your spectral weapon barely misses the brown ugly thing.
The brown ugly thing tentacle-slaps you but does no damage.
The iguana bites your spectral weapon!
Your spectral weapon shares its damage with you!
Unknown command.
You hit the brown ugly thing.
The brown ugly thing writhes in agony.
The brown ugly thing is heavily wounded.
Your spectral weapon hits the brown ugly thing.
The brown ugly thing writhes in agony.
The brown ugly thing misses you. Pstr's ghost misses you.
The iguana barely misses your spectral weapon.
Unknown command.
You hit the brown ugly thing but do no damage.
The brown ugly thing writhes in agony.
You bite the brown ugly thing!
The brown ugly thing is severely wounded.
Your spectral weapon hits the brown ugly thing.
The brown ugly thing writhes in agony.
The brown ugly thing tentacle-slaps you!
* * * LOW HITPOINT WARNING * * *
You are splashed with acid!
The acid burns!
You resist.
* * * LOW HITPOINT WARNING * * *
Pstr's ghost hits you but does no damage.
The red ugly thing claws you.
* * * LOW HITPOINT WARNING * * *
You are engulfed in flames!
You resist.
* * * LOW HITPOINT WARNING * * *
The iguana completely misses your spectral weapon.
Unknown command.
You are too berserk!
Unknown command.
You are too berserk!
Unknown command.
You whack the brown ugly thing!
The brown ugly thing writhes in agony.
The brown ugly thing is almost dead.
Your spectral weapon hits the brown ugly thing.
The brown ugly thing writhes in agony.
You kill the brown ugly thing!
Cheibriados thoroughly appreciates the change of pace.
Your Fighting skill increases to level 7!
Your Axes skill increases to level 7!
Your Dodging skill increases to level 7!
Your Charms skill increases to level 7!
Pstr's ghost misses you. The red ugly thing barely misses you.
Unknown command.
You completely miss the red ugly thing.
Your spectral weapon hits the red ugly thing!
The red ugly thing writhes in agony.
Pstr's ghost hits you but does no damage.
Unknown command.
You closely miss the red ugly thing.
The red ugly thing is lightly wounded.
Your spectral weapon hits the red ugly thing.
The red ugly thing writhes in agony.
The red ugly thing claws you!
* * * LOW HITPOINT WARNING * * *
You are engulfed in flames!
You resist.
* * * LOW HITPOINT WARNING * * *
The iguana completely misses you.
Unknown command.
Pstr's ghost says, "A rolling stone gathers plenty of tidbits."
Pstr's ghost gestures at your spectral weapon while chanting.
The wall shatters!
The blast of rock fragments hits your spectral weapon.
Your spectral weapon shares its damage with you!
Your spectral weapon fades away.
* * * LOW HITPOINT WARNING * * *
The iguana misses you. The red ugly thing claws you!
You die...

#.####[#....####.###.#.#
.........#.......# .# #
########...#####.# #
##..######.#
#..........#
##<..#####.. ∆ #...W#
#.u.# #.@l# #.........
#∩.>##.##. #..(. ..
#.#.## . #.... #.... ..
.##


You could see a red ugly thing, an iguana and pstr's ghost.

Vanquished Creatures
  2 two-headed ogres
  An ugly thing (D:11)
  A troll (D:9)
  Sigmund (D:2)
  2 hungry ghosts
  A black bear (D:10)
  3 orc warriors
  A sky beast (D:10)
  4 ogres
  2 centaurs
  A big kobold (D:11)
  3 bullfrogs
  A scorpion (D:8)
  A howler monkey (D:6)
  A crimson imp (D:6)
  A bullfrog zombie (D:11)
  2 orc priests
  2 jellies (D:9)
  A hound (D:6)
  9 orc wizards
  3 worker ants
  2 killer bee zombies
  14 gnolls
  4 adders
  A shadow imp (D:8)
  An ooze (D:3)
  An adder skeleton (D:5)
  An adder zombie (D:10)
  A dart slug (D:2)
  4 leopard geckos
  11 orcs
  2 ball pythons
  2 giant cockroaches
  2 hobgoblins (D:2)
  7 jackals
  A quokka (D:8)
  3 bats
  A frilled lizard (D:2)
  3 goblins
  4 kobolds
  A quokka zombie (D:7)
  3 rats
112 creatures vanquished.

Vanquished Creatures (collateral kills)
  3 killer bees (D:11)
  An orc wizard (D:11)
4 creatures vanquished.

Vanquished Creatures (others)
  A komodo dragon (D:11)
  A killer bee (D:11)
  An orc wizard (D:11)
  A spectral weapon (D:11)
4 creatures vanquished.

Grand Total: 120 creatures vanquished

Notes
Turn   | Place    | Note
-------+----------+-------------------------------------------
     0 | D:1      | tidbits the Gnoll Skald began the quest for the Orb.
     0 | D:1      | Reached XP level 1. HP: 20/20 MP: 6/6
   100 | D:2      | Reached XP level 2. HP: 26/26 MP: 1/7
   184 | D:2      | Reached XP level 3. HP: 31/31 MP: 3/9
   199 | D:2      | Learned a level 2 spell: Song of Slaying
   202 | D:2      | Learned a level 2 spell: Shroud of Golubria
   206 | D:2      | Learned a level 3 spell: Regeneration
   211 | D:2      | Learned a level 3 spell: Spectral Weapon
   240 | D:3      | Reached skill level 5 in Spellcasting
   270 | D:2      | Noticed Sigmund
   278 | D:2      | Killed Sigmund
   278 | D:2      | Reached skill level 1 in Short Blades
   278 | D:2      | Reached skill level 1 in Long Blades
   278 | D:2      | Reached skill level 1 in Maces & Flails
   278 | D:2      | Reached skill level 1 in Polearms
   278 | D:2      | Reached skill level 1 in Staves
   278 | D:2      | Reached skill level 1 in Slings
   278 | D:2      | Reached skill level 1 in Bows
   278 | D:2      | Reached skill level 1 in Crossbows
   278 | D:2      | Reached skill level 1 in Throwing
   278 | D:2      | Reached skill level 3 in Armour
   278 | D:2      | Reached skill level 1 in Stealth
   278 | D:2      | Reached skill level 1 in Shields
   278 | D:2      | Reached skill level 1 in Unarmed Combat
   278 | D:2      | Reached skill level 1 in Conjurations
   278 | D:2      | Reached skill level 1 in Hexes
   278 | D:2      | Reached skill level 1 in Summonings
   278 | D:2      | Reached skill level 1 in Necromancy
   278 | D:2      | Reached skill level 1 in Translocations
   278 | D:2      | Reached skill level 1 in Transmutations
   278 | D:2      | Reached skill level 1 in Fire Magic
   278 | D:2      | Reached skill level 1 in Ice Magic
   278 | D:2      | Reached skill level 1 in Air Magic
   278 | D:2      | Reached skill level 1 in Earth Magic
   278 | D:2      | Reached skill level 1 in Poison Magic
   278 | D:2      | Reached skill level 1 in Invocations
   278 | D:2      | Reached skill level 1 in Evocations
   278 | D:2      | Reached XP level 4. HP: 38/38 MP: 3/11
   278 | D:2      | Reached XP level 5. HP: 43/43 MP: 3/12
   347 | D:5      | Entered Level 5 of the Dungeon
   474 | D:5      | Found Lauczu's Distillery.
   522 | D:5      | Bought a potion of agility for 52 gold pieces
   612 | D:5      | Reached XP level 6. HP: 40/50 MP: 10/13
   669 | D:5      | Reached skill level 5 in Fighting
   669 | D:5      | Reached skill level 5 in Axes
   669 | D:5      | Reached skill level 5 in Dodging
   669 | D:5      | Reached skill level 2 in Invocations
   689 | D:6      | Found a blossoming altar of Fedhas.
   689 | D:6      | Found a hazy altar of Hepliaklqana.
   724 | D:6      | Reached skill level 2 in Short Blades
   724 | D:6      | Reached skill level 2 in Long Blades
   724 | D:6      | Reached skill level 2 in Maces & Flails
   724 | D:6      | Reached skill level 2 in Polearms
   724 | D:6      | Reached skill level 2 in Staves
   724 | D:6      | Reached skill level 2 in Slings
   724 | D:6      | Reached skill level 2 in Bows
   724 | D:6      | Reached skill level 2 in Crossbows
   724 | D:6      | Reached skill level 2 in Throwing
   724 | D:6      | Reached skill level 2 in Stealth
   724 | D:6      | Reached skill level 2 in Shields
   724 | D:6      | Reached skill level 2 in Unarmed Combat
   724 | D:6      | Reached skill level 2 in Evocations
   766 | D:6      | Reached XP level 7. HP: 39/56 MP: 12/15
   837 | D:7      | Reached skill level 2 in Conjurations
   837 | D:7      | Reached skill level 2 in Hexes
   837 | D:7      | Reached skill level 2 in Summonings
   837 | D:7      | Reached skill level 2 in Necromancy
   837 | D:7      | Reached skill level 2 in Translocations
   837 | D:7      | Reached skill level 2 in Transmutations
   837 | D:7      | Reached skill level 2 in Fire Magic
   837 | D:7      | Reached skill level 2 in Ice Magic
   837 | D:7      | Reached skill level 2 in Air Magic
   837 | D:7      | Reached skill level 2 in Earth Magic
   837 | D:7      | Reached skill level 2 in Poison Magic
   896 | D:7      | Found an iron altar of Okawaru.
   903 | D:7      | Found a white marble altar of Elyvilon.
   933 | D:6      | Found an opulent altar of Gozag.
   979 | D:6      | Reached skill level 3 in Invocations
   985 | D:6      | Reached skill level 6 in Charms
   985 | D:6      | Reached XP level 8. HP: 20/63 MP: 10/16
   989 | D:6      | Reached skill level 3 in Short Blades
   989 | D:6      | Reached skill level 3 in Long Blades
   989 | D:6      | Reached skill level 3 in Maces & Flails
   989 | D:6      | Reached skill level 3 in Polearms
   989 | D:6      | Reached skill level 3 in Staves
   989 | D:6      | Reached skill level 3 in Slings
   989 | D:6      | Reached skill level 3 in Bows
   989 | D:6      | Reached skill level 3 in Crossbows
   989 | D:6      | Reached skill level 3 in Throwing
   989 | D:6      | Reached skill level 4 in Armour
   989 | D:6      | Reached skill level 3 in Stealth
   989 | D:6      | Reached skill level 3 in Shields
   989 | D:6      | Reached skill level 3 in Unarmed Combat
   989 | D:6      | Reached skill level 3 in Evocations
  1008 | D:6      | Found a deep blue altar of Sif Muna.
  1078 | D:6      | Reached skill level 6 in Spellcasting
  1083 | D:6      | Found Hycuiwn's Armour Shoppe.
  1178 | D:8      | Noticed a two-headed ogre
  1185 | D:8      | Killed a two-headed ogre
  1185 | D:8      | Reached skill level 6 in Fighting
  1185 | D:8      | Reached skill level 6 in Axes
  1185 | D:8      | Reached skill level 6 in Dodging
  1185 | D:8      | Reached skill level 3 in Conjurations
  1185 | D:8      | Reached skill level 3 in Hexes
  1185 | D:8      | Reached skill level 3 in Summonings
  1185 | D:8      | Reached skill level 3 in Necromancy
  1185 | D:8      | Reached skill level 3 in Translocations
  1185 | D:8      | Reached skill level 3 in Transmutations
  1185 | D:8      | Reached skill level 3 in Fire Magic
  1185 | D:8      | Reached skill level 3 in Ice Magic
  1185 | D:8      | Reached skill level 3 in Air Magic
  1185 | D:8      | Reached skill level 3 in Earth Magic
  1185 | D:8      | Reached skill level 3 in Poison Magic
  1185 | D:8      | Reached skill level 4 in Invocations
  1185 | D:8      | Reached XP level 9. HP: 64/69 MP: 12/18
  1289 | D:8      | Reached skill level 4 in Short Blades
  1289 | D:8      | Reached skill level 4 in Long Blades
  1289 | D:8      | Reached skill level 4 in Maces & Flails
  1289 | D:8      | Reached skill level 4 in Polearms
  1289 | D:8      | Reached skill level 4 in Staves
  1289 | D:8      | Reached skill level 4 in Slings
  1289 | D:8      | Reached skill level 4 in Bows
  1289 | D:8      | Reached skill level 4 in Crossbows
  1289 | D:8      | Reached skill level 4 in Throwing
  1289 | D:8      | Reached skill level 4 in Stealth
  1289 | D:8      | Reached skill level 4 in Shields
  1289 | D:8      | Reached skill level 4 in Unarmed Combat
  1289 | D:8      | Reached skill level 4 in Evocations
  1350 | D:8      | Found a snail-covered altar of Cheibriados.
  1420 | D:9      | Noticed a troll
  1475 | D:9      | Reached skill level 5 in Armour
  1492 | D:8      | Became a worshipper of Cheibriados the Contemplative
  1528 | D:9      | Killed a troll
  1572 | D:10     | Entered Level 10 of the Dungeon
  1753 | D:10     | Noticed a two-headed ogre
  1763 | D:10     | Killed a two-headed ogre
  1763 | D:10     | Reached skill level 7 in Spellcasting
  1763 | D:10     | Reached skill level 5 in Invocations
  1763 | D:10     | Reached XP level 10. HP: 72/77 MP: 12/20
  1825 | D:10     | Gained mutation: You are partially covered in slimy green scales. (AC +2) [potion of mutation]
  1825 | D:10     | Gained mutation: Your system is resistant to poisons. (rPois) [potion of mutation]
  1867 | D:10     | Learned a level 4 spell: Sticky Flame
  1967 | D:10     | Reached skill level 4 in Conjurations
  1967 | D:10     | Reached skill level 4 in Hexes
  1967 | D:10     | Reached skill level 4 in Summonings
  1967 | D:10     | Reached skill level 4 in Necromancy
  1967 | D:10     | Reached skill level 4 in Translocations
  1967 | D:10     | Reached skill level 4 in Transmutations
  1967 | D:10     | Reached skill level 4 in Fire Magic
  1967 | D:10     | Reached skill level 4 in Ice Magic
  1967 | D:10     | Reached skill level 4 in Air Magic
  1967 | D:10     | Reached skill level 4 in Earth Magic
  1967 | D:10     | Reached skill level 4 in Poison Magic
  2025 | D:11     | Found Giukh's Assorted Antiques.
  2025 | D:11     | Noticed a brown ugly thing
  2122 | D:11     | Reached skill level 5 in Short Blades
  2122 | D:11     | Reached skill level 5 in Long Blades
  2122 | D:11     | Reached skill level 5 in Maces & Flails
  2122 | D:11     | Reached skill level 5 in Polearms
  2122 | D:11     | Reached skill level 5 in Staves
  2122 | D:11     | Reached skill level 5 in Slings
  2122 | D:11     | Reached skill level 5 in Bows
  2122 | D:11     | Reached skill level 5 in Crossbows
  2122 | D:11     | Reached skill level 5 in Throwing
  2122 | D:11     | Reached skill level 5 in Stealth
  2122 | D:11     | Reached skill level 5 in Shields
  2122 | D:11     | Reached skill level 5 in Unarmed Combat
  2122 | D:11     | Reached skill level 5 in Evocations
  2129 | D:11     | Reached * piety under Cheibriados
  2179 | D:11     | Noticed pstr's ghost (journeyman NaEE)
  2183 | D:11     | Noticed a red ugly thing
  2189 | D:11     | Killed a brown ugly thing
  2189 | D:11     | Reached skill level 7 in Fighting
  2189 | D:11     | Reached skill level 7 in Axes
  2189 | D:11     | Reached skill level 7 in Dodging
  2189 | D:11     | Reached skill level 7 in Charms
  2191 | D:11     | HP: 11/118 [red ugly thing (11)]
  2192 | D:11     | Slain by a red ugly thing

Skill      XL: |  1  2  3  4  5  6  7  8  9 10 |
---------------+-------------------------------+-----
Spellcasting   | 5 6 7 |  7.3
Short Blades   | 1 2 3 4 5 |  5.1
Long Blades    | 1 2 3 4 5 |  5.1
Maces & Flails | 1 2 3 4 5 |  5.1
Polearms       | 1 2 3 4 5 |  5.1
Staves         | 1 2 3 4 5 |  5.1
Slings         | 1 2 3 4 5 |  5.1
Bows           | 1 2 3 4 5 |  5.1
Crossbows      | 1 2 3 4 5 |  5.1
Throwing       | 1 2 3 4 5 |  5.1
Armour         | 3 4 5 |  5.8
Stealth        | 1 2 3 4 5 |  5.1
Shields        | 1 2 3 4 5 |  5.1
Unarmed Combat | 1 2 3 4 5 |  5.1
Conjurations   | 1 2 3 4 |  4.2
Hexes          | 1 2 3 4 |  4.2
Summonings     | 1 2 3 4 |  4.2
Necromancy     | 1 2 3 4 |  4.2
Translocations | 1 2 3 4 |  4.2
Transmutations | 1 2 3 4 |  4.2
Fire Magic     | 1 2 3 4 |  4.2
Ice Magic      | 1 2 3 4 |  4.2
Air Magic      | 1 2 3 4 |  4.2
Earth Magic    | 1 2 3 4 |  4.2
Poison Magic   | 1 2 3 4 |  4.2
Invocations    | 1 2 3 4 5 |  5.6
Evocations     | 1 2 3 4 5 |  5.1
Fighting       | 5 6 7 |  7.0
Axes           | 5 6 7 |  7.0
Dodging        | 5 6 7 |  7.0
Charms         | 6 7 |  7.0

Action                   |  1- 3 |  4- 6 |  7- 9 | 10-12 || total
-------------------------+-------+-------+-------+-------++-------
Melee: Hand axe          |    44 |    51 |    12 |       ||   107
       Bite              |     4 |     8 |    20 |     8 ||    40
       Dagger            |       |     2 |     2 |       ||     4
       War axe           |       |       |    84 |       ||    84
       Whip              |       |       |    14 |    47 ||    61
       Punch             |       |       |     1 |     1 ||     2
Throw: Tomahawk          |       |       |     1 |       ||     1
 Cast: Infusion          |     7 |     3 |       |       ||    10
       Regeneration      |     1 |       |    10 |     2 ||    13
       Spectral Weapon   |       |     7 |    17 |     5 ||    29
       Shroud of Golubri |       |       |     2 |     2 ||     4
       Sticky Flame      |       |       |       |     1 ||     1
 Abil: Evoke Berserk Rag |     2 |     3 |     8 |       ||    13
Evoke: Wand              |       |       |    11 |     9 ||    20
  Use: Scroll            |       |     7 |     4 |     8 ||    19
       Potion            |       |     2 |       |     3 ||     5
 Stab: Sleeping          |     1 |     1 |     4 |       ||     6
       Distracted        |       |     1 |     3 |     1 ||     5
  Eat: Ration            |       |     2 |     6 |       ||     8
       Chunk             |       |       |     2 |       ||     2
Armor: Leather armour    |     3 |     8 |    14 |       ||    25
       Troll leather arm |       |       |     2 |    17 ||    19
Dodge: Dodged            |    27 |    48 |    93 |    37 ||   205

Table legend:
 A = Turns spent in this place as a percentage of turns spent in the entire game.
 B = Non-inter-level travel turns spent in this place as a percentage of non-inter-level travel turns spent in the entire game.
 C = Inter-level travel turns spent in this place as a percentage of turns spent in this place.
 D = Turns resting spent in this place as a percentage of non-inter-level travel turns spent in this place.
 E = Turns spent auto-exploring this place as a percentage of non-inter-level travel turns spent in this place.
 F = Non-inter-level travel turns spent in this place divided by the number of levels of this place that you've seen.
                   A       B       C       D       E      F
               +-------+-------+-------+-------+-------+----------------------
         Total | 100.0 | 100.0 |   1.1 |   0.0 |   0.0 | 197.0
       Dungeon | 100.0 | 100.0 |   1.1 |   0.0 |   0.0 | 197.0
               +-------+-------+-------+-------+-------+----------------------

Table legend:
 A = Kills in this place as a percentage of kills in entire the game.
 B = Kills by you in this place as a percentage of kills by you in the entire game.
 C = Kills by friends in this place as a percentage of kills by friends in the entire game.
 D = Other kills in this place as a percentage of other kills in the entire game.
 E = Experience gained in this place as a percentage of experience gained in the entire game.
 F = Experience gained in this place divided by the number of levels of this place that you have seen.
                   A       B       C       D       E      F
               +-------+-------+-------+-------+-------+----------------------
         Total | 100.0 | 100.0 | 100.0 |   N/A | 100.0 | 593.7
       Dungeon | 100.0 | 100.0 | 100.0 |   N/A | 100.0 | 593.7
               +-------+-------+-------+-------+-------+----------------------

Vault maps used:
D:1:      ncdulo_watergridlock
D:2:      uniq_sigmund
D:3:      lemuel_doored_altar, first_ration, uniq_natasha
D:4:      vehumet_statue, lemuel_crystal_altar, uniq_duvessa
D:5:      serial_shops, nicolae_shop_window_shopping
D:6:      kennysheep_orc_sif_temple, tgw_sif,
          chequers_temple_overflow_statue_of_worship,
          minmay_temple_entry_butterflies, basic_altar, minmay_shop_grid_forest
D:7:      nicolae_overflow_crystal_walls, okawaru_trees_1, trog_ov_bears_minmay,
          grunt_qazlal_sundering, serial_shops, shop
D:8:      nicolae_overflow_hidden_temple, bloody_makhleb,
          kennysheep_vampire_church
D:9:      dpeg_lair_monsters, minmay_orc_entry_guard_dogs
D:11:     serial_shops, shop, grunt_livestock
